 Dungeon Crawl Stone Soup version 0.20-a0-1126-g0f15420 (webtiles) character file.

637 MirrMurr the Poker (level 7, 0/56 HPs)
             Began as a Gnoll Skald on May 17, 2017.
             Slain by a shadow imp (3 damage)
             ... summoned by Eustachio
             ... on level 5 of the Dungeon.
             The game lasted 00:18:08 (5495 turns).

MirrMurr the Poker (Gnoll Skald)                    Turns: 5495, Time: 00:18:08

Health: 0/56       AC:  9    Str: 13    XL:     7   Next: 50%
Magic:  8/12       EV: 11    Int: 13    God:
Gold:   251        SH:  4    Dex: 13    Spells: 2/13 levels left

rFire    . . .     SeeInvis .   a - +1 spear
rCold    . . .     Gourm    .   k - +0 buckler
rNeg     . . .     Faith    .   f - +0 scale mail
rPois    .         Spirit   .   t - +1 helmet
rElec    .         Reflect  .   (no cloak)
rCorr    .         Harm     .   (no gloves)
MR       .....                  (no boots)
Stlth    +.........             (no amulet)
Regen    0.2/turn               (no ring)
MPRegen  0.2/turn               (no ring)

@: infused, drained
A: short attention span, fangs 1, strong nose
a: no special abilities


You were on level 5 of the Dungeon.
You were not hungry.

You visited 1 branch of the dungeon, and saw 5 of its levels.

You collected 251 gold pieces.

Inventory:

Hand Weapons
 a - a +1 spear (weapon)
Missiles
 b - 14 poisoned needles
 n - 132 stones (quivered)
 q - 41 sling bullets
 r - 22 bolts
 B - 4 tomahawks
Armour
 e - a +0 chain mail
 f - a +0 scale mail (worn)
 k - a +0 buckler (worn)
 t - a +1 helmet (worn)
Jewellery
 g - an uncursed ring of positive energy {unknown}
 i - an uncursed ring of positive energy {unknown}
 p - an uncursed ring of flight {unknown}
 y - a cursed ring of teleportation {unknown}
Wands
 A - a wand of confusion (33/48)
Scrolls
 m - a scroll of remove curse
 o - a scroll of recharging
 s - 2 scrolls of teleportation
 v - a scroll of blinking
Potions
 h - a potion of heal wounds
 l - 2 potions of lignification {unknown}
 u - a potion of agility
 w - a potion of magic {unknown}
Books
 c - a book of Battle

   Spells                             Type                      Level
   a - Infusion                       Charms                       1
   b - Shroud of Golubria             Charms/Translocation         2
   c - Song of Slaying                Charms                       2
   d - Spectral Weapon                Hexes/Charms                 3
   e - Regeneration                   Charms/Necromancy            3
Comestibles
 d - 3 bread rations
 z - 4 fruits


   Skills:
 + Level 5.6(4.4) Fighting
 * Level 7.1(5.9) Polearms
 + Level 4.9(3.8) Armour
 + Level 6.3(5.1) Dodging
 + Level 4.1(3.0) Stealth
 + Level 2.2(1.2) Shields
 - Level 3.6(2.5) Spellcasting
 - Level 4.8(3.7) Charms


You had 2 spell levels left.
You knew the following spells:

 Your Spells              Type           Power        Failure   Level  Hunger
a - Spectral Weapon       Hex/Chrm       #.......     91%         3    ###....
b - Song of Slaying       Chrm           ##......     43%         2    ###....
c - Infusion              Chrm           ##..         32%         1    #......
d - Shroud of Golubria    Chrm/Tloc      #.........   71%         2    ###....
r - Regeneration          Chrm/Necr      #.........   91%         3    ###....


Dungeon Overview and Level Annotations

Branches:
Dungeon (5/15)
 Temple: D:4-7

Altars:
Qazlal

Shops:
D:4 !

Annotations:
D:5 Dowan, Duvessa, Eustachio


Innate Abilities, Weirdness & Mutations

You have a short attention span.
You have very sharp teeth.
Your uncanny sense of smell can sniff out nearby items.


Message History

Aim: Eustachio, wielding a falchion of electrocution and wearing a leather armour (almost dead)
You barely miss Eustachio.
Eustachio is almost dead.
The bat hits you but does no damage. The shadow imp gestures at you.
Pain shoots through your body!
* * * LOW HITPOINT WARNING * * *
The quokka bites you but does no damage.
The quasit bites you but does no damage.
The quasit claws you but does no damage.
The quasit barely misses you.
Attack whom?
Press: ? - help, Dir - move target cursor, f/p - Eustachio
Aim: Eustachio, wielding a falchion of electrocution and wearing a leather armour (almost dead)
You barely miss Eustachio. You bite Eustachio, but do no damage.
Eustachio is almost dead.
You block the bat's attack. x2
Eustachio gestures wildly while chanting.
Eustachio blinks!
The shadow imp hits you.
You die...

#.# #.# #.#
##.########### #.#
#............# #.. ∆
#...........@# #.#
#............# #.#
#.....rrl....# #.#
#....r5@.....# #.#
#....55b.....###.### #
##.#########.....#.#.#
#.# #.....#.#.## #'#
#............ ...
#.......#.### .....
#########....#.#
#......#.......#....#.#
#.$....#.....).#....#.#


You could see Eustachio, a quasit, a river rat, a shadow imp, an ufetubus, 2
quokkas, a bat and a frilled lizard.

Vanquished Creatures
  An ogre (D:4)
  A scorpion (D:4)
  A bullfrog skeleton (D:4)
  2 orc priests (D:3)
  A jelly (D:5)
  5 orc wizards
  An iguana (D:4)
  2 worker ants
  6 adders
  An ooze (D:1)
  4 worms
  3 dart slugs
  4 leopard geckos
  23 orcs
  A ball python (D:3)
  3 giant cockroaches
  3 goblins (D:1)
  3 hobgoblins
  7 jackals (D:2)
  5 bats
  5 frilled lizards
  4 kobolds
  A leopard gecko skeleton (D:4)
  8 rats
95 creatures vanquished.

Notes
Turn   | Place    | Note
-------+----------+-------------------------------------------
     0 | D:1      | MirrMurr the Gnoll Skald began the quest for the Orb.
     0 | D:1      | Reached XP level 1. HP: 18/18 MP: 5/5
   243 | D:1      | Reached XP level 2. HP: 24/24 MP: 1/6
   294 | D:1      | Learned a level 2 spell: Song of Slaying
   607 | D:1      | Reached skill level 4 in Polearms
   849 | D:1      | Reached XP level 3. HP: 27/29 MP: 4/8
   900 | D:1      | Learned a level 3 spell: Spectral Weapon
   903 | D:1      | Learned a level 2 spell: Shroud of Golubria
  1608 | D:2      | Reached skill level 1 in Stealth
  1929 | D:3      | Reached XP level 4. HP: 37/37 MP: 7/9
  2066 | D:3      | Reached skill level 5 in Polearms
  2234 | D:3      | Found a stormy altar of Qazlal.
  2453 | D:3      | Reached XP level 5. HP: 27/42 MP: 5/10
  2474 | D:3      | Learned a level 3 spell: Regeneration
  2805 | D:3      | Reached skill level 6 in Polearms
  2805 | D:3      | Reached skill level 5 in Dodging
  2808 | D:3      | Reached XP level 6. HP: 31/50 MP: 0/11
  3533 | D:4      | Reached skill level 5 in Fighting
  3557 | D:4      | Found Vihikkuque's Distillery.
  4113 | D:4      | Reached XP level 7. HP: 41/56 MP: 5/12
  4245 | D:4      | Reached skill level 1 in Shields
  4616 | D:4      | Reached skill level 7 in Polearms
  4861 | D:5      | Entered Level 5 of the Dungeon
  4952 | D:5      | Noticed Duvessa
  4952 | D:5      | Noticed Dowan
  5443 | D:5      | Noticed Eustachio
  5495 | D:5      | Slain by a shadow imp

Vault maps used:
D:1:      minmay_arrival_nine_rooms
D:3:      first_bread, grunt_qazlal_clouds
D:4:      serial_shops, nicolae_shop_statue_plus, uniq_crazy_yiuf_cottage
D:5:      fedhas_altar_2, uniq_eustachio, uniq_duvessa

Skill      XL: |  1  2  3  4  5  6  7 |
---------------+----------------------+-----
Armour         | 2 3 4 |  4.9
Polearms       | 4 5 6 7 |  7.1
Fighting       | 4 5 |  5.6
Stealth        | 1 2 3 4 |  4.1
Dodging        | 4 5 6 |  6.3
Shields        | 2 |  2.2
Spellcasting   | |  3.6
Charms         | |  4.8

Action                   |  1- 3 |  4- 6 |  7- 9 || total
-------------------------+-------+-------+-------++-------
Melee: Spear             |    96 |   285 |   105 ||   486
       Bite              |     8 |    25 |    13 ||    46
 Cast: Infusion          |    13 |    12 |     8 ||    33
       Song of Slaying   |     1 |     4 |       ||     5
       Spectral Weapon   |       |     1 |       ||     1
  Use: Potion            |       |     2 |     3 ||     5
       Scroll            |       |     9 |     1 ||    10
  Eat: Chunk             |     3 |     8 |     1 ||    12
       Meat ration       |       |       |     1 ||     1
Armor: Scale mail        |    29 |    53 |    89 ||   171
Dodge: Dodged            |    24 |   101 |    86 ||   211
Block: Buckler           |       |     2 |    30 ||    32
